Zazza, neutral female human Valkyrie -- ----- --- --.--.|..| --.-- -......... ---)..-- ---........ --.[.|..| ---- ......... --..------ |.. --....... |...| --.. --......- ---.--- |..- |......- |...| --..|--....... ----..-- |...--......- ---.....-- ---..........- |........| |............| |........-------..........------- -- ---.......................@...........- |........--........----d----- ................... |...---............| |.| | -- .....| ----- |..|.--^---.-- |.| -- --------- --- |.--- |...| --.<| ---- Zazza the Skirmisher Experience level: 3 Strength: 15 Dexterity: 16 Constitution: 18 Intelligence: 8 Wisdom: 10 Charisma: 8 Health: 0(37) Energy: 10(10) Def: 5 Gold: 439 Moves: 970 Dungeon seed: h2drk8zGc3Y9EjuD Game ID: Zazza_1575651011 Your Inventory: Coins $ - 439 gold pieces Weapons a - a +1 long sword (weapon in hand) b - a +0 dagger h - a +0 orcish dagger j - a blessed +1 dagger k - 4 +0 darts (in quiver) l - 9 +0 arrows m - 4 blessed +2 daggers Armor e - an uncursed +3 small shield (being worn) q - an uncursed +0 leather cloak (being worn) Comestibles c - 4 uncursed food rations g - an uncursed tin of jackal meat Potions i - an uncursed potion of blindness Tools d - an uncursed oil lamp (0:1135) f - an uncursed brass lantern (0:1468) o - 4 uncursed wax candles (0:400) s - a +0 pick-axe Gems n - an uncursed jasper stone r - an uncursed aquamarine stone y - an uncursed worthless piece of black glass Spells and supernatural/magical abilities: Name Level Category Fail Memory W - pray for help -- divine ? -- Your skills at the end: Fighting Skills Weapon Skills dagger [Basic] long sword [Basic] Spellcasting Skills Final Attributes: You were piously aligned. You were cold resistant. You were stealthy. You are dead. Vanquished creatures: a gnome lord 2 dwarves a yellow mold 4 gnomes a gecko 3 jackals 2 kobolds 2 goblins 3 grid bugs 2 lichens 3 newts 24 creatures vanquished. Voluntary challenges: You were an atheist. You used a wielded weapon 17 times, starting on turn 132. You were illiterate. You never genocided any monsters. You never polymorphed an object. You never changed form. You used no wishes. You never split a pudding. You never wrote Elbereth's name. You never violated your personal moral code. Dungeon overview: The Dungeons of Doom: levels 1 to 3 Level 1 a long staircase Level 2 a fountain Level 3 stairs to The Gnomish Mines The Gnomish Mines: Level 4 <- You were here stairs to The Dungeons of Doom History has recorded: On T:1 you entered the Dungeons of Doom to retrieve the Amulet of Yendor! On T:270 you reached level 2 of The Dungeons of Doom. On T:536 you reached level 3 of The Dungeons of Doom. On T:591 you advanced to experience level 2. On T:834 you reached level 1 of The Gnomish Mines. On T:856 you advanced to experience level 3. Score breakdown: Gold: 439 ( 8992 points) Experience: 3 levels ( 7878 points) Exploration: 4 levels ( 8.51%) ( 7661 points) Discoveries: 0 items ( 0.00%) ( 0 points) Valuables value: (no points given unless you survive) Artifact value: 0 ( 0 points) Variety of kills: 11 monsters ( 2.89%) ( 5097 points) Turncount: 970 turns ( 0 points) Survival: died (score multiplied by 80%) Total score: 23702 Latest messages: You finish eating the gnome corpse. This gnome lord corpse tastes terrible! You stop eating. You miss the gnome. You kill the gnome! You miss the dwarf. (2x) The dwarf wields a pick-axe! You hit the dwarf! You miss the dwarf. The dwarf swings his pick-axe. The dwarf hits! You miss the dwarf. You hit the dwarf. The dwarf swings his pick-axe. The dwarf hits! You kill the dwarf! There are several objects here. Armand eats a partly eaten gnome lord corpse. c - an uncursed food ration. s - a pick-axe. Armand eats a gnome corpse. You hear rumbling in the distance. The little dog bites! (5x) You die... Final status: Farvel Zazza the Valkyrie, killed by a little dog... You died in The Gnomish Mines on dungeon level 4 with 23702 points, and 439 pieces of gold, after 970 moves. You were level 3 with a maximum of 37 hit points when you died.